[ AOE2 MATCH · #460990807 ]
Team RMMongols vs Goths
[ REPLAY ANALYSIS · EXTRACTED FROM THE RECORDED GAME ]
Feudal
15:44
Castle
32:18
Imperial
45:05
| APM avg | 13.4 |
| APM peak | 38 |
| eAPM avg | 6.5 |
| Villagers / military | 50 / 27 |
Focus
⚔️ 27.0% · 🌾 73.0%
Scout Cavalry ×19 · Fishing Ship ×9 · Demolition Raft ×4 · Battering Ram ×3 · Knight ×1
Feudal
14:55
Castle
—
Imperial
—
| APM avg | 22.1 |
| APM peak | 45 |
| eAPM avg | 8.3 |
| Villagers / military | 16 / 39 |
Focus
⚔️ 34.8% · 🌾 65.2%
Militia ×19 · Spearman ×8 · Skirmisher ×7 · Archer ×5
Feudal
15:57
Castle
—
Imperial
—
| APM avg | 10.7 |
| APM peak | 28 |
| eAPM avg | 7.1 |
| Villagers / military | 39 / 19 |
Focus
⚔️ 30.3% · 🌾 69.7%
Archer ×10 · Spearman ×7 · Militia ×2
Feudal
20:13
Castle
38:19
Imperial
—
| APM avg | 17.3 |
| APM peak | 59 |
| eAPM avg | 9.1 |
| Villagers / military | 31 / 47 |
Focus
⚔️ 34.0% · 🌾 66.0%
Militia ×15 · Archer ×11 · Spearman ×9 · Cavalry Archer ×7 · Skirmisher ×4 · Scout Cavalry ×1
Match map
Initial resources + every placement click. Lines = walls · curves = elevation contours. ◆ gold · ⬟ stone · ● berries · ✦ relic · ◌ wall gap
Inputs per minute
— THEMATRIXX - - victorcherack
Build order — THEMATRIXX
First 150 of 169 actions detected
| 0:31 | Build | Town Center |
| 2:13 | Research | Loom |
| 2:20 | Build | House |
| 2:22 | Build | House |
| 2:24 | Create | Villager (Male) |
| 2:24 | Create | Villager (Male) |
| 2:26 | Create | Villager (Male) |
| 3:08 | Create | Villager (Male) |
| 3:52 | Create | Villager (Male) |
| 4:52 | Create | Villager (Male) |
| 4:53 | Create | Villager (Male) |
| 4:58 | Build | House |
| 4:59 | Build | House |
| 5:58 | Create | Villager (Male) |
| 6:50 | Create | Villager (Male) |
| 6:50 | Create | Villager (Male) |
| 6:50 | Create | Villager (Male) |
| 7:45 | Create | Villager (Male) |
| 7:45 | Create | Villager (Male) |
| 8:14 | Create | Villager (Male) |
| 8:30 | Create | Villager (Male) |
| 8:31 | Create | Villager (Male) |
| 8:42 | Build | Lumber Camp |
| 9:30 | Create | Villager (Male) |
| 10:12 | Build | Dock |
| 11:32 | Build | Mill |
| 11:44 | Create | Fishing Ship |
| 12:31 | Create | Fishing Ship |
| 12:31 | Create | Fishing Ship |
| 12:33 | Create | Fishing Ship |
| 12:40 | Create | Villager (Male) |
| 13:27 | Build | House |
| 13:28 | Build | House |
| 13:34 | Research | Feudal Age |
| 14:18 | Build | House |
| 14:41 | Build | Lumber Camp |
| 15:11 | Build | Barracks |
| 15:16 | Create | Villager (Male) |
| 15:17 | Create | Villager (Male) |
| 15:17 | Create | Villager (Male) |
| 15:18 | Create | Villager (Male) |
| 15:33 | Create | Fishing Ship |
| 15:34 | Create | Fishing Ship |
| 15:44 | Age | Feudal Age |
| 16:10 | Build | Stable |
| 16:15 | Research | Double-Bit Axe |
| 16:19 | Research | Horse Collar |
| 16:32 | Create | Villager (Male) |
| 17:23 | Build | Blacksmith |
| 17:35 | Create | Villager (Male) |
| 17:36 | Create | Villager (Male) |
| 17:38 | Create | Villager (Male) |
| 17:44 | Build | Farm |
| 17:44 | Build | Farm |
| 17:45 | Build | Farm |
| 17:45 | Build | Farm |
| 17:45 | Build | Farm |
| 17:45 | Build | Farm |
| 18:25 | Build | House |
| 18:27 | Build | House |
| 18:41 | Build | Mining Camp |
| 19:12 | Build | Lumber Camp |
| 19:24 | Create | Villager (Male) |
| 19:40 | Create | Villager (Male) |
| 19:40 | Create | Villager (Male) |
| 20:46 | Research | Bloodlines |
| 20:55 | Create | Villager (Male) |
| 20:55 | Create | Villager (Male) |
| 20:56 | Create | Villager (Male) |
| 20:56 | Create | Villager (Male) |
| 21:07 | Build | Farm |
| 21:07 | Build | Farm |
| 21:20 | Build | House |
| 21:21 | Build | House |
| 21:22 | Build | House |
| 21:24 | Build | House |
| 21:52 | Build | Farm |
| 22:06 | Create | Scout Cavalry |
| 22:06 | Create | Scout Cavalry |
| 22:06 | Create | Scout Cavalry |
| 22:07 | Create | Scout Cavalry |
| 22:35 | Create | Scout Cavalry |
| 22:48 | Research | Forging |
| 23:16 | Research | Gold Mining |
| 23:43 | Build | House |
| 24:00 | Research | Tech 906 |
| 24:05 | Research | Wheelbarrow |
| 24:32 | Create | Scout Cavalry |
| 25:08 | Research | Scale Barding Armor |
| 26:14 | Create | Scout Cavalry |
| 26:14 | Create | Scout Cavalry |
| 26:14 | Create | Scout Cavalry |
| 26:22 | Build | Farm |
| 26:23 | Build | Farm |
| 26:23 | Build | Farm |
| 26:23 | Build | Farm |
| 26:24 | Build | Farm |
| 26:27 | Create | Villager (Male) |
| 26:28 | Create | Villager (Male) |
| 26:57 | Create | Scout Cavalry |
| 27:56 | Build | Market |
| 28:30 | Create | Scout Cavalry |
| 28:30 | Create | Scout Cavalry |
| 28:31 | Create | Scout Cavalry |
| 29:38 | Research | Castle Age |
| 29:39 | Research | Town Watch |
| 31:34 | Create | Demolition Raft |
| 31:35 | Create | Demolition Raft |
| 31:35 | Create | Demolition Raft |
| 31:36 | Create | Demolition Raft |
| 31:49 | Research | Stone Mining |
| 32:18 | Age | Castle Age |
| 32:25 | Build | Town Center |
| 32:36 | Create | Fishing Ship |
| 32:36 | Create | Fishing Ship |
| 32:37 | Create | Fishing Ship |
| 32:54 | Research | Hand Cart |
| 33:03 | Build | Town Center |
| 33:09 | Research | Bow Saw |
| 33:25 | Research | Light Cavalry (upgrade) |
| 33:26 | Research | Husbandry |
| 33:33 | Research | Chain Barding Armor |
| 33:41 | Build | Stable |
| 33:52 | Research | Heavy Plow |
| 34:13 | Research | Gillnets |
| 34:39 | Build | University |
| 34:46 | Build | Farm |
| 34:52 | Build | Farm |
| 35:01 | Build | Farm |
| 35:08 | Create | Scout Cavalry |
| 35:08 | Create | Scout Cavalry |
| 35:19 | Create | Villager (Male) |
| 35:19 | Create | Villager (Male) |
| 35:20 | Create | Villager (Male) |
| 35:20 | Create | Villager (Male) |
| 35:37 | Create | Villager (Male) |
| 35:38 | Create | Villager (Male) |
| 36:05 | Create | Scout Cavalry |
| 36:34 | Create | Villager (Male) |
| 36:35 | Create | Villager (Male) |
| 36:35 | Create | Villager (Male) |
| 36:39 | Create | Villager (Male) |
| 37:12 | Build | Siege Workshop |
| 38:14 | Create | Battering Ram |
| 38:15 | Create | Battering Ram |
| 38:15 | Create | Battering Ram |
| 38:30 | Build | Stable |
| 38:33 | Create | Scout Cavalry |
| 38:33 | Create | Scout Cavalry |
| 38:33 | Create | Scout Cavalry |
Build order — victorcherack
75 actions detected in the replay
| 1:04 | Build | Town Center |
| 3:00 | Create | Villager (Male) |
| 3:01 | Create | Villager (Male) |
| 3:01 | Create | Villager (Male) |
| 3:01 | Create | Villager (Male) |
| 3:01 | Create | Villager (Male) |
| 3:02 | Research | Loom |
| 4:50 | Create | Villager (Male) |
| 4:51 | Create | Villager (Male) |
| 5:35 | Create | Villager (Male) |
| 7:59 | Build | Barracks |
| 9:36 | Create | Militia |
| 9:36 | Create | Militia |
| 9:55 | Build | Barracks |
| 10:13 | Create | Villager (Male) |
| 10:13 | Create | Villager (Male) |
| 12:06 | Build | Lumber Camp |
| 12:45 | Research | Feudal Age |
| 13:11 | Build | Mining Camp |
| 14:55 | Age | Feudal Age |
| 14:58 | Research | Man-at-Arms (upgrade) |
| 15:08 | Research | Gold Mining |
| 15:57 | Create | Militia |
| 15:59 | Create | Militia |
| 16:20 | Build | Blacksmith |
| 17:00 | Create | Spearman |
| 17:21 | Create | Militia |
| 18:14 | Build | Mill |
| 19:23 | Create | Villager (Male) |
| 19:23 | Create | Villager (Male) |
| 20:37 | Build | Market |
| 20:53 | Create | Militia |
| 20:54 | Create | Militia |
| 22:12 | Create | Militia |
| 22:13 | Create | Militia |
| 22:23 | Build | Archery Range |
| 23:14 | Create | Skirmisher |
| 23:14 | Create | Skirmisher |
| 23:27 | Create | Militia |
| 23:27 | Create | Militia |
| 23:42 | Create | Villager (Male) |
| 25:03 | Build | Outpost |
| 25:09 | Research | Town Watch |
| 25:23 | Create | Skirmisher |
| 25:23 | Create | Skirmisher |
| 25:23 | Create | Skirmisher |
| 25:52 | Build | Outpost |
| 29:21 | Create | Villager (Male) |
| 29:22 | Create | Villager (Male) |
| 29:22 | Create | Villager (Male) |
| 30:31 | Create | Spearman |
| 30:32 | Create | Spearman |
| 31:17 | Create | Archer |
| 32:02 | Create | Spearman |
| 32:02 | Create | Spearman |
| 32:03 | Create | Spearman |
| 32:20 | Create | Archer |
| 32:20 | Create | Archer |
| 33:56 | Create | Spearman |
| 33:57 | Create | Spearman |
| 34:05 | Create | Militia |
| 34:06 | Create | Militia |
| 34:07 | Create | Militia |
| 34:08 | Create | Militia |
| 34:14 | Create | Archer |
| 34:15 | Create | Archer |
| 37:38 | Build | Mill |
| 38:00 | Research | Forging |
| 38:38 | Create | Skirmisher |
| 38:38 | Create | Skirmisher |
| 39:23 | Build | Watch Tower |
| 39:33 | Create | Militia |
| 39:34 | Create | Militia |
| 42:27 | Create | Militia |
| 42:27 | Create | Militia |
Build order — mmartel76
87 actions detected in the replay
| 0:15 | Build | Town Center |
| 2:00 | Research | Loom |
| 2:02 | Create | Villager (Male) |
| 2:02 | Create | Villager (Male) |
| 2:02 | Create | Villager (Male) |
| 2:02 | Create | Villager (Male) |
| 3:36 | Build | House |
| 3:39 | Build | House |
| 4:43 | Build | Lumber Camp |
| 5:01 | Create | Villager (Male) |
| 5:01 | Create | Villager (Male) |
| 5:02 | Create | Villager (Male) |
| 5:45 | Create | Villager (Male) |
| 5:45 | Create | Villager (Male) |
| 7:09 | Create | Villager (Male) |
| 7:09 | Create | Villager (Male) |
| 7:09 | Create | Villager (Male) |
| 9:15 | Build | Barracks |
| 10:07 | Create | Militia |
| 10:08 | Create | Militia |
| 11:18 | Build | House |
| 11:19 | Build | House |
| 12:55 | Build | Mill |
| 13:47 | Research | Feudal Age |
| 15:57 | Age | Feudal Age |
| 16:00 | Create | Villager (Male) |
| 16:00 | Create | Villager (Male) |
| 16:00 | Create | Villager (Male) |
| 16:00 | Create | Villager (Male) |
| 16:01 | Create | Villager (Male) |
| 16:05 | Research | Town Watch |
| 16:18 | Create | Spearman |
| 16:19 | Create | Spearman |
| 16:19 | Create | Spearman |
| 17:18 | Build | Watch Tower |
| 17:51 | Create | Spearman |
| 17:51 | Create | Spearman |
| 17:51 | Create | Spearman |
| 17:51 | Create | Spearman |
| 18:16 | Create | Villager (Male) |
| 18:16 | Create | Villager (Male) |
| 19:22 | Create | Villager (Male) |
| 19:22 | Create | Villager (Male) |
| 19:23 | Create | Villager (Male) |
| 19:23 | Create | Villager (Male) |
| 20:57 | Build | Archery Range |
| 22:26 | Build | Mining Camp |
| 23:33 | Build | Mill |
| 26:35 | Research | Wheelbarrow |
| 26:57 | Build | Watch Tower |
| 29:01 | Research | Stone Mining |
| 33:43 | Build | Lumber Camp |
| 34:17 | Research | Double-Bit Axe |
| 34:27 | Create | Villager (Male) |
| 34:27 | Create | Villager (Male) |
| 34:27 | Create | Villager (Male) |
| 34:28 | Create | Villager (Male) |
| 34:28 | Create | Villager (Male) |
| 34:28 | Create | Villager (Male) |
| 34:28 | Create | Villager (Male) |
| 34:29 | Create | Villager (Male) |
| 34:29 | Create | Villager (Male) |
| 34:29 | Create | Villager (Male) |
| 34:29 | Create | Villager (Male) |
| 34:30 | Create | Villager (Male) |
| 34:30 | Create | Villager (Male) |
| 34:30 | Create | Villager (Male) |
| 34:30 | Create | Villager (Male) |
| 35:19 | Build | House |
| 35:20 | Build | House |
| 35:21 | Build | House |
| 35:22 | Build | House |
| 35:24 | Build | House |
| 35:25 | Build | House |
| 35:43 | Create | Archer |
| 35:43 | Create | Archer |
| 39:59 | Create | Archer |
| 39:59 | Create | Archer |
| 40:00 | Create | Archer |
| 41:12 | Build | Watch Tower |
| 41:20 | Create | Villager (Male) |
| 43:26 | Build | Watch Tower |
| 45:17 | Create | Archer |
| 45:17 | Create | Archer |
| 45:18 | Create | Archer |
| 45:19 | Create | Archer |
| 45:19 | Create | Archer |
Build order — BaChA
115 actions detected in the replay
| 0:29 | Build | Town Center |
| 2:07 | Create | Villager (Male) |
| 2:08 | Create | Villager (Male) |
| 2:08 | Create | Villager (Male) |
| 2:09 | Research | Loom |
| 2:10 | Create | Villager (Male) |
| 4:08 | Build | House |
| 4:09 | Build | House |
| 4:11 | Build | House |
| 4:40 | Create | Villager (Male) |
| 5:48 | Create | Villager (Male) |
| 5:48 | Create | Villager (Male) |
| 6:45 | Build | Mill |
| 9:41 | Create | Villager (Male) |
| 11:50 | Build | Barracks |
| 12:20 | Create | Villager (Male) |
| 12:48 | Create | Militia |
| 12:48 | Create | Militia |
| 12:48 | Create | Militia |
| 13:00 | Create | Militia |
| 13:00 | Create | Militia |
| 13:04 | Create | Militia |
| 14:12 | Create | Villager (Male) |
| 14:12 | Create | Villager (Male) |
| 14:12 | Create | Villager (Male) |
| 16:21 | Build | House |
| 16:22 | Build | House |
| 16:23 | Build | House |
| 16:25 | Build | House |
| 18:03 | Research | Feudal Age |
| 19:14 | Build | Lumber Camp |
| 19:21 | Create | Villager (Male) |
| 19:21 | Create | Villager (Male) |
| 20:13 | Age | Feudal Age |
| 20:23 | Research | Man-at-Arms (upgrade) |
| 20:43 | Build | Archery Range |
| 20:48 | Create | Villager (Male) |
| 20:48 | Create | Villager (Male) |
| 21:01 | Build | Farm |
| 21:03 | Build | Farm |
| 21:06 | Build | Farm |
| 22:18 | Build | Farm |
| 22:20 | Create | Archer |
| 22:20 | Create | Archer |
| 22:20 | Create | Archer |
| 22:20 | Create | Archer |
| 22:21 | Create | Archer |
| 22:21 | Create | Archer |
| 22:21 | Create | Archer |
| 22:52 | Build | Mining Camp |
| 23:07 | Create | Militia |
| 23:30 | Research | Double-Bit Axe |
| 23:49 | Create | Villager (Male) |
| 23:49 | Create | Villager (Male) |
| 23:49 | Create | Villager (Male) |
| 23:59 | Build | Farm |
| 26:10 | Create | Militia |
| 26:10 | Create | Militia |
| 26:10 | Create | Militia |
| 26:42 | Create | Militia |
| 26:42 | Create | Militia |
| 26:42 | Create | Militia |
| 27:28 | Create | Archer |
| 27:28 | Create | Archer |
| 27:29 | Create | Archer |
| 27:29 | Create | Archer |
| 27:33 | Create | Militia |
| 27:33 | Create | Militia |
| 28:24 | Create | Villager (Male) |
| 28:24 | Create | Villager (Male) |
| 29:16 | Create | Villager (Male) |
| 29:16 | Create | Villager (Male) |
| 29:43 | Build | Stable |
| 30:42 | Create | Scout Cavalry |
| 31:15 | Create | Skirmisher |
| 31:16 | Create | Skirmisher |
| 31:16 | Create | Skirmisher |
| 31:16 | Create | Skirmisher |
| 32:46 | Build | Farm |
| 34:29 | Build | Market |
| 35:39 | Research | Castle Age |
| 35:53 | Build | Farm |
| 35:57 | Build | Farm |
| 36:22 | Research | Horse Collar |
| 38:19 | Age | Castle Age |
| 38:35 | Create | Cavalry Archer |
| 38:36 | Create | Cavalry Archer |
| 38:36 | Create | Cavalry Archer |
| 38:36 | Create | Cavalry Archer |
| 38:36 | Create | Cavalry Archer |
| 39:25 | Build | Lumber Camp |
| 39:41 | Build | Farm |
| 39:48 | Build | Farm |
| 40:10 | Research | Pikeman (upgrade) |
| 40:14 | Create | Spearman |
| 40:14 | Create | Spearman |
| 40:14 | Create | Spearman |
| 40:15 | Create | Spearman |
| 40:16 | Create | Spearman |
| 41:22 | Create | Villager (Male) |
| 41:23 | Create | Villager (Male) |
| 41:23 | Create | Villager (Male) |
| 41:23 | Create | Villager (Male) |
| 41:53 | Create | Spearman |
| 41:53 | Create | Spearman |
| 42:16 | Create | Cavalry Archer |
| 42:16 | Create | Cavalry Archer |
| 43:05 | Create | Villager (Male) |
| 43:05 | Create | Villager (Male) |
| 43:12 | Build | Farm |
| 43:30 | Create | Spearman |
| 43:30 | Create | Spearman |
| 44:18 | Create | Villager (Male) |
| 44:19 | Create | Villager (Male) |
| 44:50 | Build | Farm |
Match timeline
| 7:59 | victorcherack · first_building Barracks |
| 9:15 | mmartel76 · first_building Barracks |
| 10:12 | THEMATRIXX · first_building Dock |
| 11:50 | BaChA · first_building Barracks |
| 14:55 | victorcherack · age_up feudal |
| 15:11 | THEMATRIXX · first_building Barracks |
| 15:44 | THEMATRIXX · age_up feudal |
| 15:57 | mmartel76 · age_up feudal |
| 16:10 | THEMATRIXX · first_building Stable |
| 20:13 | BaChA · age_up feudal |
| 20:43 | BaChA · first_building Archery Range |
| 20:57 | mmartel76 · first_building Archery Range |
| 22:23 | victorcherack · first_building Archery Range |
| 29:43 | BaChA · first_building Stable |
| 32:18 | THEMATRIXX · age_up castle |
| 33:42 | victorcherack · first_market_buy 100 food |
| 35:04 | BaChA · first_market_buy 100 wood |
| 35:25 | BaChA · first_market_sell 100 stone |
| 37:12 | THEMATRIXX · first_building Siege Workshop |
| 38:19 | BaChA · age_up castle |
| 41:22 | THEMATRIXX · first_building Castle |
| 45:05 | THEMATRIXX · age_up imperial |
| 45:26 | victorcherack · resign |
[ AI ANALYSIS · 1 CREDIT ]
What really happened in this match?
Wolo.gg analyzes every decision: build order, eco, micro, common mistakes by bracket. Personalized analysis on WhatsApp or Discord in 30 seconds.
Civ guide
Mongols
Map guide
Shipwreck
Perfil
Jugador #6246716